 Dungeon Crawl Stone Soup version 0.25.0-15-gac7dcb8919 (webtiles) character file.

Game seed: 3833073962060692369

22141 tilp the Unseen (level 12, 0/61 HPs)
             Began as a Spriggan Enchanter on June 28, 2020.
             Was an Elder of Dithmenos.
             Slain by a death yak (23 damage)
             ... on level 1 of the Lair of Beasts.
             The game lasted 00:40:06 (18137 turns).

tilp the Unseen (Spriggan Enchanter)               Turns: 18137, Time: 00:40:07

Health: 0/61       AC: 11    Str:  5    XL:     12   Next: 60%
Magic:  16/25      EV: 21    Int: 30    God:    Dithmenos [****..]
Gold:   745        SH: 14    Dex: 16    Spells: 14/27 levels left

rFire    . . .     SeeInvis +   a - +5 dagger
rCold    + . .     Gourm    .   y - +2 buckler {rC+}
rNeg     . . .     Faith    .   r - +4 swamp dragon scales
rPois    +         Spirit   .   (helmet restricted)
rElec    .         Reflect  +   D - scarf {harm}
rCorr    .         Harm     .   (gloves unavailable)
MR       ++++.                  (boots unavailable)
Stlth    ++++++++..             S - amulet of reflection
HPRegen  0.20/turn              C - +6 ring of intelligence
MPRegen  0.19/turn              F - ring of the Mage {Wiz MR++ Int+3}

@: confusing touch, wreathed by umbra, very quick
A: very small, unfitting armour, see invisible, herbivore, speed 3, slow
metabolism 2
a: Shadow Step, Renounce Religion


You were on level 1 of the Lair of Beasts.
You worshipped Dithmenos.
Dithmenos was greatly pleased with you.
You were not hungry.

You visited 3 branches of the dungeon, and saw 15 of its levels.
You also visited: Ossuary.

You collected 1003 gold pieces.
You spent 258 gold pieces at shops.

Inventory:

Hand Weapons
 a - a +5 dagger (weapon)
 O - a +3 dagger of chaos
Missiles
 f - 4 throwing nets (quivered) {!f}
Armour
 r - +4 swamp dragon scales (worn)
 y - a +2 buckler of cold resistance (worn)
 D - a scarf of harm (worn)
 P - a +2 robe of magic resistance
Jewellery
 k - a +4 ring of evasion
 w - an uncursed ring of teleportation
 C - a +6 ring of intelligence (left hand)
 F - the ring of the Mage (right hand) {Wiz MR++ Int+3}
   (You took it off a gnoll on level 7 of the Dungeon)

   [ring of wizardry]

   It improves your spell success rate.
   It affects your intelligence (+3).
   It affects your resistance to hostile enchantments.
 M - an uncursed amulet of regeneration
 N - an uncursed ring of protection from cold
 Q - an uncursed amulet of faith {unknown}
 S - an amulet of reflection (around neck)
Wands
 b - a wand of paralysis (9)
 p - a wand of disintegration (16)
 B - a wand of flame (27)
 G - a wand of enslavement (6)
 H - a wand of polymorph (8)
 L - a wand of digging (4)
 U - a wand of acid (10)
 V - a wand of iceblast (8)
Scrolls
 i - 6 scrolls of remove curse
 j - a scroll of amnesia
 n - a scroll of enchant weapon
 v - a scroll of fog
 z - 2 scrolls of fear
 I - a scroll of summoning {unknown}
 J - 4 scrolls of teleportation
 R - a scroll of acquirement {unknown}
 T - a scroll of magic mapping
Potions
 d - 6 potions of haste
 e - 2 potions of stabbing
 g - 4 potions of berserk rage
 h - 7 potions of curing
 l - 6 potions of brilliance
 m - 3 potions of degeneration {unknown}
 o - a potion of resistance {unknown}
 q - a potion of experience {unknown}
 s - 3 potions of lignification
 t - 4 potions of heal wounds
 u - 2 potions of flight {unknown}
 x - 3 potions of might
 A - a potion of magic {unknown}
 E - 3 potions of mutation
Miscellaneous
 K - a phantom mirror
Comestibles
 c - 18 rations


   Skills:
 - Level 6.0 Fighting
 - Level 10.0 Short Blades
 + Level 14.0 Dodging
 - Level 15.0 Stealth
 - Level 4.0 Shields
 - Level 8.0 Spellcasting
 - Level 10.0 Hexes


You had 14 spell levels left.
You knew the following spells:

 Your Spells              Type           Power        Failure   Level  Hunger
b - Ensorcelled Hibernat  Hex/Ice        #####.       1%          2    None
c - Confusing Touch       Hex            ######..     1%          3    None
d - Tukima's Dance        Hex            ######..     1%          3    None
e - Dazzling Flash        Conj/Hex       #####.       4%          3    None
f - Animate Skeleton      Necr           N/A          11%         1    None
g - Apportation           Tloc           ##....       11%         1    None

Your spell library contained the following spells:

 Spells                   Type           Power        Failure   Level  Hunger
 Corona                   Hex            ######.      1%          1    None
 Beastly Appendage        Tmut           ##....       11%         1    None
 Magic Dart               Conj           ##..         11%         1    None
 Summon Small Mammal      Summ           ##..         11%         1    None
 Fulminant Prism          Conj/Hex       #####.....   13%         4    #......
 Searing Ray              Conj           ##....       16%         2    None
 Sticks to Snakes         Tmut           ##......     16%         2    None
 Spider Form              Tmut/Pois      ##........   30%         3    None
 Ice Form                 Ice/Tmut       ##......     67%         4    #......
 Iskenderun's Mystic Bla  Conj/Tloc      ##......     67%         4    #......
 Blade Hands              Tmut           ##........   94%         5    ####...


Dungeon Overview and Level Annotations

Branches:
Dungeon (12/15)            Temple (1/1) D:6            Lair (2/6) D:8
  Swamp (0/4) Lair:2          Orc (0/2) D:12        Ossuary (visited)
  Snake: Lair:2-4    Spider: Lair:2-4

Altars:
Ashenzari
Cheibriados
Dithmenos
Elyvilon
Fedhas
Gozag
Hepliaklqana
Kikubaaqudgha
Makhleb
Nemelex Xobeh
Okawaru
Qazlal
Ru
Sif Muna
Trog
Uskayaw
Vehumet
Wu Jian
Xom
Yredelemnul
Zin
The Shining One
Beogh

Shops:
D:4 [

Annotations:
D:6 5 runed translucent doors


Innate Abilities, Weirdness & Mutations

You are very small and have problems with some larger weapons.
You are too small for most types of armour.
You have supernaturally acute eyesight. (SInv)
You are a herbivore.
You cover ground extremely quickly.
You need to consume almost no food.


Message History

Press: ? - help, Shift-Dir - straight line, f/p - yak
Aim: a yak (umbra, chance to defeat MR: 68%)
The yak struggles to resist.
Your shadow mimicks your spell!
The yak resists with some effort.
The death yak barely misses you.
Casting: Ensorcelled Hibernation (safe; 1% risk of failure)
Confirm with . or Enter, or press ? or * to list all spells.
Your hands begin to glow red.
You hit the death yak but do no damage. You hit the death yak but do no damage.
The death yak gores you!!
You hit the death yak but do no damage. You hit the death yak but do no damage.
The death yak gores you but does no damage.
The death yak bellows!
You hit the death yak but do no damage. The yak closely misses you.
You hit the death yak but do no damage. The death yak gores you!!
You hit the death yak but do no damage. You block the death yak's attack.
You hit the death yak but do no damage. You hit the death yak but do no damage.
The death yak gores you!!
You die...

.......#######...#......#####....
.................+.....##^##.....
......................#..........
..................#.#............
.................................
.................................
##.......###P.+###...P.####.YY...
#......######.###...#..Y..+.....
##.....##.......@YY..#.....#.....
.'..............##...#.....#.....
.#.....+........P#...#.....#.....
.+.....##.......##...'.....#.....
##.....##.......##...#.....#.....
##.....######.####...#...........
#......#.P##.+####...###+###.....
.................................
.................................


You could see a death yak and a yak.

Vanquished Creatures
  Fannar (Lair:2)
  3 hydras (Lair:1)
  Harold (D:8)
  A two-headed ogre (D:11)
  Nergalle (D:10)
  2 unseen horrors (D:10)
  2 ugly things (D:11)
  A centaur zombie (D:11)
  2 black mambas
  A torpor snail (Lair:2)
  A gargoyle (D:10)
  Psyche (D:11)
  2 spiny frogs (Lair:1)
  A komodo dragon (Lair:1)
  A merfolk (D:10)
  2 trolls
  2 bog bodies (Lair:2)
  2 hippogriffs
  16 blink frogs
  A meliai zombie (D:11)
  2 wraiths
  A wyvern (Lair:2)
  5 yaks (Lair:1)
  A basilisk (D:11)
  3 vampire mosquitoes (D:12)
  Edmund (D:5)
  2 hungry ghosts
  3 water moccasins
  2 porcupines
  2 sky beasts
  4 orc warriors
  6 ogres
  3 phantoms
  A black bear (D:8)
  3 ice beasts
  3 necrophages
  9 centaurs
  4 crocodiles
  9 bullfrogs
  A big kobold (D:10)
  A gnoll sergeant (D:7)
  6 scorpions
  5 wights (D:7)
  6 killer bees
  3 howler monkeys (D:11)
  A human zombie (Ossuary)
  A bullfrog zombie (D:10)
  12 hounds
  3 jellies
  4 bullfrog skeletons
  5 orc priests
  An iguana (D:6)
  3 orc wizards
  5 worker ants
  A big kobold zombie (Ossuary)
  3 mummies (Ossuary)
  A worker ant zombie (D:7)
  21 adders
  5 gnolls (D:7)
  2 shadow imps
  2 oozes
  2 worms
  5 dart slugs
  5 leopard geckos
  31 orcs
  3 ball pythons
  17 bats
  2 giant cockroaches (D:2)
  A gnoll zombie (Ossuary)
  7 goblins
  7 hobgoblins
  4 jackals
  6 quokkas
  A ball python skeleton (D:4)
  5 frilled lizards
  5 goblin zombies
  3 hobgoblin zombies (Ossuary)
  A jackal skeleton (D:4)
  8 kobolds
  5 kobold zombies (Ossuary)
  A leopard gecko zombie (D:8)
  2 quokka skeletons
  8 rats
  A toadstool (D:1)
330 creatures vanquished.

Vanquished Creatures (others)
  2 fungi (Lair:1)
  3 toadstools (D:1)
5 creatures vanquished.

Grand Total: 335 creatures vanquished

Notes
Turn   | Place    | Note
-------+----------+-------------------------------------------
     0 | D:1      | tilp the Spriggan Enchanter began the quest for the Orb.
     0 | D:1      | Reached XP level 1. HP: 9/9 MP: 5/5
   394 | D:1      | Reached XP level 2. HP: 13/13 MP: 7/7
   529 | D:1      | Reached skill level 5 in Stealth
   704 | D:1      | Learned a level 2 spell: Ensorcelled Hibernation
   879 | D:1      | Reached XP level 3. HP: 16/16 MP: 8/8
   884 | D:1      | Learned a level 3 spell: Confusing Touch
  1411 | D:2      | Learned a level 3 spell: Tukima's Dance
  1753 | D:1      | Reached XP level 4. HP: 21/21 MP: 0/10
  2188 | D:2      | Reached skill level 6 in Stealth
  2628 | D:3      | Reached XP level 5. HP: 16/24 MP: 7/12
  3841 | D:4      | Reached skill level 7 in Stealth
  4085 | D:4      | You fall into a shaft and drop 2 floors!
  4085 | D:6      | Found a runed translucent door.
  4095 | D:6      | Found a staircase to the Ecumenical Temple.
  4098 | D:6      | Noticed an ogre
  4171 | D:6      | Noticed a soldier ant
  4172 | D:6      | Found a runed translucent gate.
  4172 | D:6      | Noticed a soldier ant
  4173 | D:6      | Found a runed translucent gate.
  4200 | Temple   | Entered the Ecumenical Temple
  4355 | Temple   | Became a worshipper of Dithmenos the Shadowed
  4443 | D:6      | Found a sand-covered staircase.
  4457 | D:6      | Reached XP level 6. HP: 28/28 MP: 4/13
  4522 | Ossuary  | Entered an ossuary
  4522 | Ossuary  | Noticed a wraith
  4522 | Ossuary  | Noticed a wraith
  4522 | Ossuary  | Noticed a wraith
  4890 | Ossuary  | Reached skill level 8 in Stealth
  4998 | Ossuary  | Noticed a wraith
  5000 | Ossuary  | Killed a wraith
  5000 | Ossuary  | Reached skill level 5 in Short Blades
  5308 | Ossuary  | Reached XP level 7. HP: 21/32 MP: 11/15
  5540 | D:6      | Reached * piety under Dithmenos
  5540 | D:6      | Reached skill level 5 in Spellcasting
  5608 | D:5      | Entered Level 5 of the Dungeon
  5664 | D:4      | Reached skill level 5 in Hexes
  5837 | D:4      | Found Kurom's Armour Shoppe.
  5845 | D:4      | Bought a +2 buckler of cold resistance for 258 gold pieces
  6178 | D:4      | Learned a level 3 spell: Dazzling Flash
  6254 | D:5      | Reached skill level 1 in Shields
  6700 | D:5      | Reached XP level 8. HP: 36/36 MP: 15/18
  6706 | D:5      | Noticed Edmund
  6726 | D:5      | Killed Edmund
  7517 | D:6      | Found the +9 staff of Olgreb {rPois∞}
  7539 | D:6      | Found a runed translucent gate.
  7540 | D:6      | Found a runed translucent door.
  7612 | D:6      | Found a hazy altar of Hepliaklqana.
  7852 | D:6      | Reached ** piety under Dithmenos
  8010 | D:6      | Learned a level 1 spell: Animate Skeleton
  8012 | D:6      | Learned a level 1 spell: Apportation
  8397 | D:7      | Reached skill level 1 in Fighting
  9111 | D:7      | Reached XP level 9. HP: 42/42 MP: 16/19
  9191 | D:7      | Reached skill level 5 in Dodging
  9236 | D:7      | Found a radiant altar of Vehumet.
  9953 | D:8      | Noticed Harold
  9957 | D:8      | Killed Harold
  9957 | D:8      | Reached skill level 9 in Stealth
 10106 | D:8      | Reached skill level 10 in Stealth
 10264 | D:8      | Found a staircase to the Lair.
 10996 | D:9      | Reached XP level 10. HP: 46/49 MP: 17/20
 11036 | D:9      | Reached *** piety under Dithmenos
 11145 | D:9      | Reached skill level 11 in Stealth
 11489 | D:10     | Entered Level 10 of the Dungeon
 11506 | D:10     | Noticed Nergalle
 11616 | D:10     | Noticed an unseen horror
 11623 | D:10     | Killed an unseen horror
 11623 | D:10     | Reached skill level 12 in Stealth
 11655 | D:10     | Killed Nergalle
 11856 | D:10     | Noticed an unseen horror
 11872 | D:10     | Killed an unseen horror
 11971 | D:10     | Noticed a gargoyle
 11988 | D:10     | Killed a gargoyle
 12263 | D:10     | Found a sacrificial altar of Ru.
 12918 | D:11     | Noticed Psyche
 12925 | D:11     | Killed Psyche
 12925 | D:11     | Reached XP level 11. HP: 53/53 MP: 22/22
 13002 | D:11     | Reached **** piety under Dithmenos
 13020 | D:11     | Noticed a brown ugly thing
 13250 | D:11     | Noticed a brown ugly thing
 13257 | D:11     | Killed a brown ugly thing
 13388 | D:11     | Noticed a white ugly thing
 13411 | D:11     | Killed a cyan ugly thing
 13411 | D:11     | Reached skill level 13 in Stealth
 13531 | D:11     | Noticed a two-headed ogre
 13538 | D:11     | Killed a two-headed ogre
 14270 | D:12     | Found a staircase to the Orcish Mines.
 14297 | D:12     | Found a roughly hewn altar of Beogh.
 14743 | D:12     | Reached skill level 10 in Dodging
 15380 | Lair:1   | Entered Level 1 of the Lair of Beasts
 15382 | Lair:1   | Reached skill level 5 in Fighting
 15789 | Lair:1   | Reached skill level 10 in Hexes
 15891 | Lair:1   | Noticed a five-headed hydra
 15896 | Lair:1   | Killed a five-headed hydra
 15896 | Lair:1   | Reached skill level 14 in Stealth
 15896 | Lair:1   | Reached XP level 12. HP: 60/60 MP: 25/25
 15954 | Lair:1   | Reached skill level 10 in Short Blades
 16015 | Lair:1   | Noticed an eight-headed hydra
 16343 | Lair:1   | Noticed a six-headed hydra
 16356 | Lair:1   | Killed a six-headed hydra
 16685 | Lair:1   | Killed an eight-headed hydra
 16685 | Lair:1   | Reached skill level 15 in Stealth
 16876 | Lair:2   | Noticed Fannar
 16883 | Lair:2   | Killed Fannar
 16956 | Lair:2   | Noticed a death yak
 16956 | Lair:2   | Noticed a death yak
 16956 | Lair:2   | Noticed a death yak
 17239 | Lair:2   | Found a staircase to the Swamp.
 17727 | Lair:1   | HP: 1/61 [death yak (21)]
 18137 | Lair:1   | Slain by a death yak

Illustrated notes

Levels and vault maps discovered:
D:1:      ldierk_water_garden, layout_basic, st_stairs_12
D:2:      layout_basic, first_ration, minmay_indecisive_spiral
D:3:      layout_loops_ring
D:4:      layout_loops_ring, serial_shops, shop_fountains
D:5:      layout_loops_corners, uniq_edmund
D:6:      layout_loops_ring, kennysheep_mini_moat, minmay_temple_entry_ruins,
          enter_ossuary_4, minmay_guarded_unrand_staff_of_olgreb
D:7:      layout_gridville, basic_altar
D:8:      layout_cave_pods, grunt_lair_entry_orc_guard_hut, uniq_harold
D:9:      layout_rooms
D:10:     layout_layer_cave, hangedman_fish_farm, nicolae_ru_path_of_blood,
          uniq_nergalle
D:11:     layout_cave_pods, uniq_psyche
D:12:     layout_roguey, minmay_orc_entry_temple_small, serial_park_tiny_2
Temple:   kilobyte_greek_temple
Lair:1:   layout_regular_city, grunt_megastairs_3
Lair:2:   layout_cave_pods, skrybe_swamp_entry_bodies, uniq_fannar

Skill      XL: |  1  2  3  4  5  6  7  8  9 10 11 12 |
---------------+-------------------------------------+-----
Spellcasting   | 3 4 6 7 8 |  8.0
Stealth        | 5 6 7 8 10 12 14 15 | 15.0
Short Blades   | 2 3 4 5 7 8 9 10 | 10.0
Hexes          | 4 6 8 10 | 10.0
Shields        | 2 4 |  4.0
Fighting       | 1 3 4 5 6 |  6.0
Dodging        | 4 8 9 10 14 | 14.0

Action                   |  1- 3 |  4- 6 |  7- 9 | 10-12 || total
-------------------------+-------+-------+-------+-------++-------
Melee: Dagger            |   143 |   292 |   217 |   348 ||  1000
 Cast: Corona            |    11 |       |       |       ||    11
       Ensorcelled Hiber |    10 |    40 |    63 |   140 ||   253
       Confusing Touch   |       |     9 |    18 |    20 ||    47
       Dazzling Flash    |       |       |       |     5 ||     5
Evoke: Wand              |       |       |     2 |     1 ||     3
  Use: Scroll            |     3 |     8 |     9 |    11 ||    31
 Stab: Sleeping          |    15 |    31 |    58 |   109 ||   213
       Distracted        |     1 |     2 |       |       ||     3
       Confused          |       |     9 |    19 |    23 ||    51
       Invisible         |       |       |       |     2 ||     2
  Eat: Ration            |       |     2 |     3 |     4 ||     9
Armor: Robe              |    17 |    22 |     2 |       ||    41
       Swamp dragon scal |       |       |     2 |    27 ||    29
Dodge: Dodged            |   138 |   132 |    76 |   118 ||   464
Block: Buckler           |       |       |    34 |    98 ||   132
